 Dungeon Crawl Stone Soup version 0.27.1-3-gb3d3a73c9e (webtiles) character file.

Game seed: 17645070092721043456

2732 earthworldpsion the Shield-Bearer (level 9, -5/79 HPs)
             Began as a Minotaur Fighter on Oct 18, 2021.
             Was a Priest of Nemelex Xobeh.
             Slain by a gnoll sergeant (7 damage)
             ... on level 7 of the Dungeon on Oct 19, 2021.
             The game lasted 00:32:36 (7707 turns).

earthworldpsion the Shield-Bearer (MiFi)            Turns: 7707, Time: 00:32:38

Health: -5/79      AC: 12    Str: 24    XL:     9   Next: 40%
Magic:  8/8        EV: 10    Int:  5    God:    Nemelex Xobeh [***...]
Gold:   232        SH: 11    Dex: 10    Spells: 8/8 levels left

rFire    . . .     SeeInvis .   y - +6 spear
rCold    + + .     Faith    .   c - +0 kite shield
rNeg     . . .     Spirit   .   l - +1 ring mail {rC+}
rPois    .         Reflect  .   q - +1 hat {Stlth+}
rElec    .         Harm     .   e - +0 cloak
rCorr    .         Rampage  .   t - +0 pair of gloves
Will     .....                  f - +0 pair of boots
Stlth    ++........             (no amulet)
HPRegen  0.23/turn              E - ring of protection from cold
MPRegen  0.11/turn              (no ring)

@: lethally poisoned (-5 -> -12)
A: horns 2, retaliatory headbutt
a: Renounce Religion, Draw Escape, Draw Destruction, Draw Summoning, Triple Draw


You were on level 7 of the Dungeon.
You worshipped Nemelex Xobeh.
Nemelex Xobeh was most pleased with you.
You visited 1 branch of the dungeon, and saw 7 of its levels.

You collected 258 gold pieces.
You spent 26 gold pieces at shops.

Inventory:

Hand Weapons
 a - a +0 long sword
 y - a +6 spear (weapon)
Missiles
 g - 12 boomerangs
 k - 21 poisoned darts
Armour
 c - a +0 kite shield (worn)
 e - a +0 cloak (worn)
 f - a +0 pair of boots (worn)
 l - a +1 ring mail of cold resistance (worn)
 q - a +1 hat of stealth (worn)
 t - a +0 pair of gloves (worn)
 v - a +5 chain mail of fire resistance
Magical Staves
 j - a staff of poison
Jewellery
 E - a ring of protection from cold (left hand)
Wands
 b - a wand of polymorph (4)
 w - a wand of acid (5)
 A - a wand of paralysis (7) (quivered)
 B - a wand of iceblast (21)
Scrolls
 i - 2 scrolls of teleportation
 D - a scroll of noise {unknown}
Potions
 d - 2 potions of haste
 h - a potion of flight {unknown}
 m - a potion of mutation {unknown}
 n - a potion of magic
 o - a potion of attraction {unknown}
 p - a potion of cancellation {unknown}
 s - a potion of brilliance
 u - a potion of degeneration {unknown}
 x - a potion of invisibility {unknown}
 z - a potion of heal wounds
 C - a potion of resistance {unknown}


   Skills:
 + Level 7.2 Fighting
 + Level 7.5 Long Blades
 * Level 5.8 Polearms
 + Level 0.9 Throwing
 + Level 6.7 Armour
 + Level 4.1 Dodging
 + Level 2.0 Stealth
 + Level 7.7 Shields


You had 8 spell levels left.
You didn't know any spells.
Your spell library contained the following spells:

 Spells                   Type           Power      Damage    Failure   Level
 Animate Skeleton         Necr           0%         N/A       90%         1
 Pain                     Necr           0%         1d4       90%         1
 Vampiric Draining        Necr           0%         2d6       99%         3


Dungeon Overview and Level Annotations

Branches:
Dungeon (7/15)             Temple (0/1) D:5

Altars:
Ashenzari
Cheibriados
Hepliaklqana
Makhleb
Nemelex Xobeh
Sif Muna
Trog
Uskayaw
Vehumet
Yredelemnul

Shops:
D:3 ?


Innate Abilities, Weirdness & Mutations

You have a pair of horns on your head.
You reflexively headbutt those who attack you in melee.


Message History

Aiming: Paralyse
Press: ? - help, Q - select action, (/) - cycle Shift-Dir - straight line, f/p - gnoll
Aim: a gnoll, wielding a +0 flail (severely wounded, chance to affect: 54%)
The gnoll resists with significant effort.
You feel sick. You block the gnoll's attack.
The gnoll sergeant closely misses you.
You puncture the gnoll!
You kill the gnoll!
You feel sick. You block the gnoll sergeant's attack.
You feel sick.
You feel sick.
You feel sick.
The gnoll sergeant hits you from afar with a +1 spear of venom!
You are more poisoned.
You feel very sick. The gnoll sergeant closely misses you.
You feel sick.
You feel sick.
You feel sick.
The gnoll sergeant hits you with a +1 spear of venom.
* * * LOW HITPOINT WARNING * * *
You are lethally poisoned!
You puncture the gnoll sergeant!
The gnoll sergeant is moderately wounded.
* * * LOW HITPOINT WARNING * * *
You feel very sick. You block the gnoll sergeant's attack.
You hit the gnoll sergeant but do no damage.
Your headbutt misses the gnoll sergeant.
The gnoll sergeant is moderately wounded.
* * * LOW HITPOINT WARNING * * *
You feel very sick.
The gnoll sergeant completely misses you.
The gnoll sergeant blocks your attack.
The gnoll sergeant is moderately wounded.
* * * LOW HITPOINT WARNING * * *
You feel very sick.
The gnoll sergeant hits you with a +1 spear of venom!
You die...
Your body glows slightly and disappears.

.... #.........
..... #.......#
......##.......##
......).)........
.....####.###..#.
### #.# # #)#
#.###.#####.###
........@g....#
#...........###
#.########..#
#..####### #.#
#......... #.#
#.######## #.#
#.# #.# #.# #.#
#.# #.#


You could see a gnoll sergeant.

Vanquished Creatures
  The ghost of jjjjhere the Skirmisher, an amateur GnWn of Zin (D:4)
  The ghost of seaofthunder the Skirmisher, an amateur HOFi (D:4)
  Edmund (D:6)
  An orc warrior (D:7)
  2 ice beasts
  A black bear (D:6)
  2 sky beasts (D:6)
  A necrophage (D:6)
  2 ogres
  A centaur (D:6)
  3 phantoms
  Blork the orc (D:6)
  A bullfrog (D:6)
  A water moccasin skeleton (D:7)
  4 wights (D:5)
  The ghost of kkwang the Charlatan, a weakling FoAr (D:4)
  2 howler monkeys (D:7)
  A crimson imp (D:5)
  A hound (D:6)
  2 orc priests (D:4)
  2 jellies
  Ijyb (D:5)
  3 bullfrog skeletons (D:5)
  Jessica (D:3)
  Natasha (thrice) (D:3)
  4 iguanas
  3 orc wizards
  A mummy (D:5)
  A hound skeleton (D:2)
  Robin (D:3)
  7 gnolls
  6 adders
  A shadow imp (D:6)
  A white imp (D:7)
  A worm (D:2)
  A dart slug (D:1)
  19 orcs
  7 ball pythons
  4 bats
  7 endoplasms
  3 giant cockroaches
  15 goblins
  9 hobgoblins
  11 jackals
  5 quokkas
  3 frilled lizards
  5 kobolds
  A kobold zombie (D:5)
  An orc zombie (D:5)
  6 rats
163 creatures vanquished.

Vanquished Creatures (others)
  3 fungi (D:1)
  A plant (D:1)
4 creatures vanquished.

Grand Total: 167 creatures vanquished

Notes
Turn   | Place    | Note
-------+----------+-------------------------------------------
     0 | D:1      | earthworldpsion the Minotaur Fighter began the quest for
                  | the Orb.
     0 | D:1      | Reached XP level 1. HP: 19/19 MP: 0/0
   143 | D:1      | Reached XP level 2. HP: 27/27 MP: 1/1
   402 | D:1      | Reached XP level 3. HP: 30/33 MP: 2/2
   466 | D:1      | Found a faded altar of an unknown god.
  1204 | D:2      | Reached skill level 1 in Dodging
  1567 | D:2      | Reached XP level 4. HP: 38/40 MP: 3/3
  1710 | D:3      | Found a sparkling altar of Nemelex Xobeh.
  1716 | D:3      | Became a worshipper of Nemelex Xobeh the Trickster
  1744 | D:3      | Noticed Natasha
  1758 | D:3      | Killed Natasha
  1775 | D:3      | Found a snail-covered altar of Cheibriados.
  1891 | D:3      | Found Ypleacw's Magic Scroll Boutique.
  2061 | D:3      | Reached XP level 5. HP: 45/47 MP: 4/4
  2163 | D:3      | Found a basalt altar of Yredelemnul.
  2163 | D:3      | Noticed Natasha
  2181 | D:3      | Killed Natasha
  2182 | D:3      | Reached skill level 5 in Fighting
  2274 | D:3      | Noticed Natasha
  2280 | D:3      | Killed Natasha
  2289 | D:3      | Bought a scroll of identify for 26 gold pieces
  2332 | D:3      | Noticed Robin
  2360 | D:3      | Killed Robin
  2451 | D:3      | Noticed Jessica
  2471 | D:3      | Killed Jessica
  2472 | D:3      | Reached skill level 5 in Shields
  2499 | D:3      | Found a shimmering blue altar of Sif Muna.
  2622 | D:4      | Reached * piety under Nemelex Xobeh
  2622 | D:4      | Received a gift from Nemelex Xobeh
  2712 | D:4      | Found a runed translucent gate.
  2712 | D:4      | Found a runed translucent gate.
  2712 | D:4      | Found a runed translucent gate.
  2716 | D:4      | Noticed kkwang's ghost (weakling FoAr)
  2716 | D:4      | Noticed seaofthunder's ghost (amateur HOFi)
  2716 | D:4      | Noticed jjjjhere's ghost (amateur GnWn)
  2967 | D:4      | Reached XP level 6. HP: 55/56 MP: 5/5
  3412 | D:4      | Reached skill level 5 in Long Blades
  3586 | D:4      | Killed seaofthunder's ghost
  3592 | D:4      | Killed kkwang's ghost
  3597 | D:4      | Killed jjjjhere's ghost
  3598 | D:4      | Reached XP level 7. HP: 18/61 MP: 6/6
  3855 | D:5      | Entered Level 5 of the Dungeon
  3864 | D:5      | Reached skill level 1 in Stealth
  4001 | D:5      | Found a hazy altar of Hepliaklqana.
  4066 | D:5      | Reached skill level 5 in Armour
  4408 | D:5      | Found a burning altar of Makhleb.
  4458 | D:5      | Noticed Ijyb
  4472 | D:5      | Killed Ijyb
  4809 | D:5      | Found a staircase to the Ecumenical Temple.
  5014 | D:5      | Reached XP level 8. HP: 26/68 MP: 7/7
  5747 | D:6      | Reached skill level 1 in Polearms
  5752 | D:6      | Noticed Edmund
  5802 | D:6      | Killed Edmund
  6134 | D:6      | Reached ** piety under Nemelex Xobeh
  6377 | D:6      | Noticed Blork the orc
  6386 | D:6      | Killed Blork the orc
  6434 | D:6      | Found a radiant altar of Vehumet.
  6434 | D:6      | Found a broken altar of Ashenzari.
  6600 | D:6      | Reached XP level 9. HP: 71/78 MP: 8/8
  6797 | D:6      | Found a bloodstained altar of Trog.
  6846 | D:6      | Received a gift from Nemelex Xobeh
  7130 | D:7      | Reached skill level 5 in Polearms
  7177 | D:7      | Found a hide-covered altar of Uskayaw.
  7609 | D:7      | Reached *** piety under Nemelex Xobeh
  7707 | D:7      | HP: 2/79 [poisoned by a gnoll sergeant]
  7707 | D:7      | Slain by a gnoll sergeant

Illustrated notes

Levels and vault maps discovered:
D:1:      minmay_arrival_jagged, layout_basic,
          shapermc_ecumenical_altar_mp_urbaneastern
D:2:      layout_loops_cross
D:3:      layout_loops_ring, tgw_sif, nemelex_xobeh_ov_fountains_minmay,
          mainiacjoe_overflow_tiny_flanked, old_standard_altar, serial_shops,
          shop, uniq_robin, uniq_natasha, uniq_jessica
D:4:      layout_loops_ring, gammafunk_ghost_cemetery
D:5:      layout_basic, kennysheep_mini, makhleb_grotto_becter,
          minmay_temple_entry_sparse_star, nicolae_ossuary_entry_giza, uniq_ijyb
D:6:      layout_loops_ring, mainiacjoe_overflow_chevrons,
          gammafunk_temple_overflow_wave, kennysheep_opposing_triangles,
          uniq_edmund, uniq_blork_the_orc
D:7:      layout_basic, overflow_temple_1_default

Skill      XL: |  1  2  3  4  5  6  7  8  9 |
---------------+----------------------------+-----
Fighting       | 4 5 6 7 |  7.2
Shields        | 4 5 6 7 |  7.7
Armour         | 4 5 6 |  6.7
Dodging        | 1 2 3 4 |  4.1
Long Blades    | 3 4 5 7 |  7.5
Stealth        | 1 2 |  2.0
Polearms       | 3 5 |  5.8
Throwing       | |  0.9

Action                   |  1- 3 |  4- 6 |  7- 9 || total
-------------------------+-------+-------+-------++-------
Melee: Long sword        |   143 |   136 |   113 ||   392
       Headbutt          |    17 |    17 |    77 ||   111
       Unarmed           |       |     4 |       ||     4
       Spear             |       |       |   222 ||   222
Throw: Boomerang         |     1 |     3 |     7 ||    11
Invok: Draw Destruction  |       |     3 |       ||     3
       Draw Summoning    |       |     1 |       ||     1
Evoke: Wand              |       |       |     2 ||     2
  Use: Scroll            |       |     5 |    10 ||    15
       Potion            |       |     2 |     3 ||     5
 Stab: Sleeping          |       |       |     6 ||     6
Armor: Scale mail        |    82 |     9 |       ||    91
       Ring mail         |       |    52 |   118 ||   170
       Skin              |       |     1 |       ||     1
Dodge: Dodged            |    41 |    47 |    98 ||   186
Block: Kite shield       |    98 |    72 |   169 ||   339
       Rpst.: Long sword |    13 |     9 |     6 ||    28
